[Event "14th Vandoeuvre Open 2018"]
[Site "?"]
[Date "2018.01.04"]
[Round "5"]
[White "Barbelenet, Frederic"]
[Black "Rittie, Daniel"]
[Result "1-0"]
[ECO "B02"]
[WhiteElo "1764"]
[BlackElo "1944"]
[PlyCount "81"]
[EventDate "2018.??.??"]
[EventType "swiss"]
[EventCountry "FRA"]
[SourceTitle "Vandoeuvre"]
[TimeControl "5400+30"]
[WhiteClock "0:01:27"]
[BlackClock "0:01:49"]

1. e4 Nf6 2. Nc3 d5 3. exd5 Nxd5 4. Nxd5 Qxd5 5. Nf3 Bg4 6. Be2 e6 7. O-O Be7 8. d4 O-O 9. Bf4 c6 10. Re1 Nd7 11. h3 Bf5 12. Bd3 Bxd3 13. Qxd3 Nf6 14. c4 Qa5 15. a3 Rfe8 16. Rad1 Rad8 17. Qb3 Qa6 18. Ne5 Nd7 19. c5 Nxe5 20. Bxe5 Rd7 21. Re4 Qb5 22. Qc2 Bf8 23. b4 a5 24. Qb3 axb4 25. axb4 Ra8 26. Kh2 Be7 27. Rg4 g6 28. Re4 Qa4 29. Rb1 Qb5 30. g4 Rd5 31. Qc3 Rdd8 32. Qb3 Rd7 33. f4 Rd5 34. f5 exf5 35. gxf5 Bf8 36. fxg6 fxg6 37. Qf3 Bg7 38. Bxg7 Kxg7 39. Re7+ Kh6 40. Qf4+ Kh5 41. Rxh7# 1-0

[Event "14th Vandoeuvre Open 2018"]
[Site "?"]
[Date "2018.01.04"]
[Round "6"]
[White "Schmitt, Axel"]
[Black "Barbelenet, Frederic"]
[Result "1-0"]
[ECO "B50"]
[WhiteElo "2323"]
[BlackElo "1764"]
[PlyCount "77"]
[EventDate "2018.??.??"]
[EventType "swiss"]
[EventCountry "FRA"]
[SourceTitle "Vandoeuvre"]
[TimeControl "5400+30"]
[WhiteClock "0:02:31"]
[BlackClock "0:51:43"]

1. e4 c5 2. Nf3 d6 3. c3 Nf6 4. Be2 Bd7 5. d3 g6 6. O-O Bg7 7. Re1 Nc6 8. h3 O-O 9. Bf1 Rc8 10. Na3 Qc7 11. Bf4 Nh5 12. Bh2 f5 13. exf5 gxf5 14. Ng5 Nf6 15. Qb3+ Kh8 16. Nf7+ Rxf7 17. Qxf7 Rf8 18. Qb3 e5 19. Bg3 f4 20. Bh4 Rg8 21. Nb5 Qb8 22. Bxf6 Bxf6 23. Qf7 Qd8 24. Nxd6 Rg7 25. Qh5 Qf8 26. Ne4 Be7 27. Rad1 f3 28. Re3 fxg2 29. Bxg2 Qg8 30. Rg3 Rxg3 31. Nxg3 Be8 32. Qe2 Qg5 33. Re1 Bd7 34. Bxc6 Bxc6 35. Qxe5+ Bf6 36. Qxg5 Bxg5 37. Re5 Bc1 38. Rxc5 Bxb2 39. d4 1-0

[Event "14th Vandoeuvre Open 2018"]
[Site "?"]
[Date "2018.01.04"]
[Round "6"]
[White "Rauta, Nicolas"]
[Black "Budak, Rezan"]
[Result "1/2-1/2"]
[ECO "A25"]
[WhiteElo "1963"]
[BlackElo "1870"]
[PlyCount "71"]
[EventDate "2018.??.??"]
[EventType "swiss"]
[EventCountry "FRA"]
[SourceTitle "Vandoeuvre"]
[TimeControl "5400+30"]
[WhiteClock "1:02:31"]
[BlackClock "0:16:56"]

1. c4 e5 2. Nc3 Nc6 3. g3 g6 4. Bg2 Bg7 5. d3 Nge7 6. e4 Nd4 7. Nge2 Nec6 8. O-O O-O 9. Nxd4 Nxd4 10. Ne2 d6 11. Nxd4 exd4 12. f4 f5 13. exf5 gxf5 14. b4 c6 15. b5 Qc7 16. Bd2 Be6 17. Qa4 d5 18. cxd5 Bxd5 19. Bxd5+ cxd5 20. Rac1 Qd7 21. Qb3 Rac8 22. a4 Rfe8 23. Rfe1 Rxc1 24. Rxc1 Re2 25. Be1 Qe6 26. Bf2 Rxf2 27. Kxf2 Qe3+ 28. Kg2 Qxc1 29. Qxd5+ Kf8 30. Qxf5+ Kg8 31. Qd5+ Kf8 32. Qd8+ Kf7 33. Qd7+ Kf8 34. Qd8+ Kf7 35. Qd7+ Kf8 36. Qd8+ 1/2-1/2

[Event "14th Vandoeuvre Open 2018"]
[Site "?"]
[Date "2018.01.04"]
[Round "6"]
[White "Mergen, Bat"]
[Black "Steininger, Denis"]
[Result "1-0"]
[ECO "A46"]
[WhiteElo "1852"]
[BlackElo "1957"]
[PlyCount "117"]
[EventDate "2018.??.??"]
[EventType "swiss"]
[EventCountry "FRA"]
[SourceTitle "Vandoeuvre"]
[TimeControl "5400+30"]
[WhiteClock "1:01:15"]
[BlackClock "0:05:34"]

1. d4 Nf6 2. Nf3 d6 3. g3 Bf5 4. Bg2 c6 5. O-O h6 6. c4 g5 7. Nc3 Bg7 8. Re1 Nbd7 9. e4 Bg4 10. h3 Bxf3 11. Bxf3 Qc7 12. b4 c5 13. bxc5 dxc5 14. Nb5 Qb8 15. e5 Nh7 16. e6 fxe6 17. Bh5+ Kd8 18. Bb2 a6 19. Na3 Qd6 20. Nc2 Rc8 21. Bg4 Nhf8 22. Rb1 cxd4 23. Ba3 Nc5 24. Rxb7 Bf6 25. Qb1 h5 26. Rb6 Qc7 27. Bxc5 Qxc5 28. Be2 e5 29. Bd3 a5 30. Rb5 Qc7 31. Rb7 Qc6 32. Na3 Nd7 33. Bf5 e6 34. Be4 Qa4 35. Nb5 Rc5 36. Rc7 Rxc7 37. Nxc7 Ke7 38. Qb5 Qb4 39. Rb1 Qxb5 40. cxb5 Nc5 41. f3 g4 42. hxg4 hxg4 43. Na6 Kd6 44. Nxc5 Kxc5 45. b6 gxf3 46. b7 Rb8 47. a4 d3 48. Bxd3 Kd4 49. Ba6 e4 50. Kf2 Be5 51. Rc1 Rg8 52. Rc4+ Kd5 53. Rc8 Bxg3+ 54. Ke3 Bf2+ 55. Kxf2 Rg2+ 56. Ke3 Kd6 57. Bc4 Ke5 58. Ba6 Rg8 59. Bc4 {Kd5} 1-0

[Event "14th Vandoeuvre Open 2018"]
[Site "?"]
[Date "2018.01.04"]
[Round "6"]
[White "Oney, Remel"]
[Black "Comte, Elise"]
[Result "1/2-1/2"]
[ECO "A48"]
[WhiteElo "1828"]
[BlackElo "1722"]
[PlyCount "103"]
[EventDate "2018.??.??"]
[EventType "swiss"]
[EventCountry "FRA"]
[SourceTitle "Vandoeuvre"]
[TimeControl "5400+30"]
[WhiteClock "0:01:14"]
[BlackClock "0:01:38"]

1. d4 Nf6 2. Bf4 g6 3. Nf3 Bg7 4. e3 O-O 5. h3 d6 6. Be2 Nfd7 7. c3 e5 8. Bh2 Nc6 9. O-O f5 10. Na3 a6 11. Qb3+ Kh8 12. Rad1 Qf6 13. Nc4 e4 14. Ne1 Bh6 15. Nc2 Qg7 16. d5 Nce5 17. Nxe5 Nxe5 18. c4 b6 19. Nd4 g5 20. Bxe5 Qxe5 21. Nc6 Qf6 22. f3 exf3 23. Rxf3 Qg7 24. Rdf1 Bd7 25. Nd4 f4 26. Ne6 Bxe6 27. dxe6 Rfe8 28. exf4 gxf4 29. Qc3 Rxe6 30. Qxg7+ Kxg7 31. Bd3 Rae8 32. g3 R8e7 33. gxf4 Re3 34. f5 Kf6 35. Kh2 Bf4+ 36. Kh1 Bg5 37. Kh2 Rxf3 38. Rxf3 Re1 39. Kg3 a5 40. b3 Rd1 41. a4 Rd2 42. Be4 Rb2 43. Bd5 h5 44. h4 Bd2 45. Be6 Be1+ 46. Kh3 Re2 47. Bd5 Re5 48. Rf1 Re3+ 49. Rf3 Re5 50. Rf1 Re3+ 51. Rf3 Re5 52. Rf1 1/2-1/2

[Event "14th Vandoeuvre Open 2018"]
[Site "?"]
[Date "2018.01.05"]
[Round "8"]
[White "Schmitt, Axel"]
[Black "Grandmougin, Olivier"]
[Result "1/2-1/2"]
[ECO "C00"]
[WhiteElo "2323"]
[BlackElo "1904"]
[PlyCount "102"]
[EventDate "2018.??.??"]
[EventType "swiss"]
[EventCountry "FRA"]
[SourceTitle "Vandoeuvre"]
[TimeControl "5400+30"]
[WhiteClock "0:42:40"]
[BlackClock "1:10:28"]

1. e4 e6 2. Qe2 c5 3. Nf3 Nc6 4. g3 d6 5. Bg2 e5 6. O-O Be7 7. d3 f5 8. Ne1 Nf6 9. exf5 Bxf5 10. f4 Nd4 11. Qd1 Bg4 12. Nf3 O-O 13. c3 Nxf3+ 14. Bxf3 Bxf3 15. Rxf3 e4 16. dxe4 d5 17. exd5 Qxd5 18. Qxd5+ Nxd5 19. Na3 Rad8 20. Rf1 a6 21. Bd2 b5 22. Rad1 Bf6 23. Bc1 Rfe8 24. Nc2 Nb6 25. Ne3 c4 26. Rxd8 Rxd8 27. Rd1 Na4 28. Rxd8+ Bxd8 29. Nd5 Nc5 30. Be3 Nd3 31. b3 Kf7 32. f5 g6 33. g4 h5 34. h3 hxg4 35. hxg4 Ne5 36. fxg6+ Kxg6 37. Kf1 Nxg4 38. Bd4 Kf5 39. Nb4 a5 40. Nc6 Bc7 41. Na7 cxb3 42. axb3 b4 43. cxb4 axb4 44. Bc5 Ke4 45. Bxb4 Ne3+ 46. Ke2 Nc2 47. Bc3 Nd4+ 48. Bxd4 Kxd4 49. Nb5+ Kc5 50. Nxc7 Kb4 51. Kd3 Kxb3 1/2-1/2

[Event "14th Vandoeuvre Open 2018"]
[Site "?"]
[Date "2018.01.05"]
[Round "8"]
[White "Obert, Julien"]
[Black "Mergen, Bat"]
[Result "*"]
[ECO "B20"]
[WhiteElo "1923"]
[BlackElo "1852"]
[PlyCount "28"]
[EventDate "2018.??.??"]
[EventType "swiss"]
[EventCountry "FRA"]
[SourceTitle "Vandoeuvre"]
[TimeControl "5400+30"]
[WhiteClock "0:56:40"]
[BlackClock "0:41:16"]

1. e4 c5 2. a3 a6 3. b4 e6 4. bxc5 Bxc5 5. d4 Ba7 6. Nf3 Ne7 7. Bd3 Nbc6 8. c3 Ng6 9. Be3 d6 10. Nbd2 O-O 11. O-O e5 12. Rb1 b6 13. Re1 Nce7 14. Nf1 b5 *

[Event "14th Vandoeuvre Open 2018"]
[Site "?"]
[Date "2018.01.05"]
[Round "8"]
[White "Riou Durand, Lionel"]
[Black "Grandmougin, Olivier"]
[Result "0-1"]
[ECO "C09"]
[WhiteElo "1898"]
[BlackElo "1904"]
[PlyCount "58"]
[EventDate "2018.??.??"]
[EventType "swiss"]
[EventCountry "FRA"]
[SourceTitle "Vandoeuvre"]
[TimeControl "5400+30"]
[WhiteClock "0:35:54"]
[BlackClock "0:10:00"]

1. e4 e6 2. d4 d5 3. Nd2 c5 4. exd5 exd5 5. Ngf3 Nc6 6. Bb5 Bd6 7. dxc5 Bxc5 8. O-O Nge7 9. Re1 O-O 10. Nb3 Bd6 11. h3 Bf5 12. Bd3 Qd7 13. c3 Rad8 14. Be3 Bb8 15. Nbd4 Be4 16. Ng5 Qd6 17. Ndf3 Qg6 18. Nh4 Qd6 19. Bxe4 Qh2+ 20. Kf1 dxe4 21. Qg4 h6 22. Qxe4 hxg5 23. Nf3 Qd6 24. Nxg5 Qg6 25. Qa4 Nd5 26. Ne4 Rfe8 27. Bg5 Rxe4 28. Rxe4 Qxg5 29. Qb5 Ne3+ 0-1

[Event "14th Vandoeuvre Open 2018"]
[Site "?"]
[Date "2018.01.05"]
[Round "8"]
[White "Budak, Rezan"]
[Black "Mergen, Bat"]
[Result "0-1"]
[ECO "B24"]
[WhiteElo "1870"]
[BlackElo "1852"]
[PlyCount "148"]
[EventDate "2018.??.??"]
[EventType "swiss"]
[EventCountry "FRA"]
[SourceTitle "Vandoeuvre"]
[TimeControl "5400+30"]
[WhiteClock "0:02:28"]
[BlackClock "0:01:02"]

1. e4 c5 2. Nc3 Nc6 3. Bb5 Nd4 4. Bc4 e6 5. Nge2 g6 6. Nxd4 cxd4 7. Ne2 Bg7 8. O-O Ne7 9. d3 d5 10. Bb3 dxe4 11. dxe4 Nc6 12. f4 O-O 13. a3 e5 14. Qd3 exf4 15. Bxf4 Be6 16. Rad1 Bxb3 17. Qxb3 Qe7 18. Ng3 Rad8 19. Rfe1 Rd7 20. Nf1 Rfd8 21. Qd3 h5 22. Qg3 h4 23. Qg4 Ne5 24. Bxe5 Bxe5 25. Nd2 d3 26. c3 Bg7 27. Nf3 Qc5+ 28. Kf1 d2 29. Re2 Qb5 30. Qxh4 Qxb2 31. Rdxd2 Rxd2 32. Qxd8+ Rxd8 33. Rxb2 b6 34. Ke2 Bxc3 35. Rc2 Ba5 36. Rc7 a6 37. Ng5 Rd2+ 38. Kf1 f6 39. Rc8+ Kg7 40. Ne6+ Kf7 41. Nf4 Rd7 42. Rc6 Re7 43. Nd5 Re6 44. Rc7+ Kf8 45. Rc4 b5 46. Rd4 g5 47. g4 Rd6 48. Rd3 Kf7 49. Ke2 Ke6 50. Ke3 Ke5 51. Rb3 Rc6 52. Ne7 Bb6+ 53. Kf3 Rc4 54. Rd3 Bd4 55. Nd5 a5 56. Rb3 Rc5 57. Ne7 Rc3+ 58. Rxc3 Bxc3 59. Ke3 b4 60. axb4 axb4 61. Nc6+ Kd6 62. Na5 Kc5 63. Kd3 Kb5 64. Nb3 Kc6 65. Nc1 Kd6 66. Ke3 Ke5 67. h3 Bd4+ 68. Kf3 Bc5 69. Nb3 Bb6 70. Nd2 Kd4 71. Nb1 Kd3 72. h4 gxh4 73. g5 fxg5 74. e5 h3 0-1

[Event "14th Vandoeuvre Open 2018"]
[Site "?"]
[Date "2018.01.05"]
[Round "8"]
[White "Oney, Remel"]
[Black "Obert, Julien"]
[Result "0-1"]
[ECO "A45"]
[WhiteElo "1828"]
[BlackElo "1923"]
[PlyCount "157"]
[EventDate "2018.??.??"]
[EventType "swiss"]
[EventCountry "FRA"]
[SourceTitle "Vandoeuvre"]
[TimeControl "5400+30"]
[WhiteClock "0:01:49"]
[BlackClock "0:00:54"]

1. d4 Nf6 2. Bf4 c5 3. c3 Qb6 4. Qc2 cxd4 5. cxd4 Nc6 6. e3 d6 7. Nf3 Nb4 8. Qe2 Bf5 9. Qb5+ Qxb5 10. Bxb5+ Bd7 11. Bxd7+ Kxd7 12. Na3 Nd3+ 13. Ke2 Nxf4+ 14. exf4 Nd5 15. g3 e6 16. Nc4 Be7 17. Ne3 Nb6 18. a4 a5 19. Ra3 Rhc8 20. Rb3 Rc6 21. d5 Nxd5 22. Nxd5 exd5 23. Rxb7+ Rc7 24. Rxc7+ Kxc7 25. Rc1+ Kd7 26. Nd4 Rb8 27. Nb5 Bd8 28. Rd1 Kc6 29. Rc1+ Kd7 30. b3 Bb6 31. Kf3 Re8 32. g4 Bc5 33. h4 Re4 34. Rd1 Rb4 35. Rd3 Kc6 36. g5 g6 37. Kg3 Kd7 38. f3 Kc6 39. Kg4 Kd7 40. Na3 Rd4 41. Rxd4 Bxd4 42. f5 Bb2 43. Nb1 d4 44. fxg6 fxg6 45. f4 Ke6 46. Nd2 Bc3 47. Ne4 Bb4 48. Kf3 Kf5 49. Ng3+ Ke6 50. Ke4 Be1 51. f5+ Kf7 52. fxg6+ hxg6 53. Ne2 Bxh4 54. Nxd4 Bxg5 55. Nc6 Bd2 56. Kd3 Be1 57. Ke2 Bc3 58. Kd3 Be1 59. Ke4 Kf6 60. Kf4 g5+ 61. Kg4 Bc3 62. Na7 d5 63. Nc6 d4 64. Kf3 d3 65. Ke3 d2 66. Ke2 Ke6 67. Na7 g4 68. Nb5 Bb4 69. Nd4+ Kd5 70. Nf5 Ke4 71. Ne3 g3 72. Ng2 Kd4 73. Ne3 Kc3 74. Kf3 Bc5 75. Nd5+ Kxb3 76. Ke2 Kc2 77. Kf3 d1=Q+ 78. Kxg3 Qxd5 79. Kh3 0-1

[Event "14th Vandoeuvre Open 2018"]
[Site "?"]
[Date "2018.01.05"]
[Round "8"]
[White "Berthier, Grant"]
[Black "Oney, Remel"]
[Result "0-1"]
[ECO "D00"]
[WhiteElo "1799"]
[BlackElo "1828"]
[PlyCount "68"]
[EventDate "2018.??.??"]
[EventType "swiss"]
[EventCountry "FRA"]
[SourceTitle "Vandoeuvre"]
[TimeControl "5400+30"]
[WhiteClock "0:47:29"]
[BlackClock "0:58:41"]

1. d4 d5 2. Bf4 Nf6 3. e3 c5 4. c3 Nc6 5. Bd3 Qb6 6. Qc1 g6 7. h3 Bg7 8. Nf3 O-O 9. Nbd2 Re8 10. O-O Nd7 11. Bc2 e5 12. dxe5 Ndxe5 13. Nxe5 Nxe5 14. Nb3 a5 15. a4 Be6 16. Rd1 Rac8 17. Nd2 Red8 18. Bxe5 Bxe5 19. Nf3 Bg7 20. Bd3 d4 21. Bb5 Bb3 22. Rd2 Bh6 23. Qe1 dxe3 24. fxe3 Rxd2 25. Qxd2 Rd8 26. Qe2 c4 27. Nd4 Rd5 28. Qf3 Re5 29. Re1 Qd8 30. e4 Qe7 31. Qe2 Bf4 32. Qf3 Bd2 33. Rf1 Rxe4 34. Kh1 Rf4 0-1

[Event "14th Vandoeuvre Open 2018"]
[Site "?"]
[Date "2018.01.05"]
[Round "8"]
[White "Comte, Elise"]
[Black "Bat, Bilguun"]
[Result "0-1"]
[ECO "A46"]
[WhiteElo "1722"]
[BlackElo "1809"]
[PlyCount "104"]
[EventDate "2018.??.??"]
[EventType "swiss"]
[EventCountry "FRA"]
[SourceTitle "Vandoeuvre"]
[TimeControl "5400+30"]
[WhiteClock "0:55:06"]
[BlackClock "0:43:50"]

1. d4 Nf6 2. Nf3 e6 3. Bf4 c5 4. e3 d5 5. c3 Nc6 6. Nbd2 a6 7. Bd3 Be7 8. h3 c4 9. Bc2 b5 10. Ne5 Bb7 11. O-O Nxe5 12. dxe5 Nd7 13. Nf3 a5 14. Nd4 Qb6 15. Qg4 g6 16. h4 Ba6 17. Rfe1 h6 18. e4 Bb7 19. Rad1 dxe4 20. Bxe4 Bxe4 21. Rxe4 Nc5 22. Re2 Rd8 23. Be3 Qb7 24. f3 Rd5 25. Bf2 Qd7 26. Bg3 h5 27. Qf4 Nd3 28. Qe4 Bc5 29. Kh2 O-O 30. b3 Bxd4 31. cxd4 Rxd4 32. Qe3 Rd8 33. Red2 c3 34. Rc2 b4 35. a3 Nc5 36. axb4 axb4 37. Rb1 Qd5 38. Bf2 Nxb3 39. Qg5 Rd1 40. Rxd1 Qxd1 41. Ra2 Rf8 42. Be3 Qd3 43. Qh6 Qf5 44. Bf4 Nd4 45. Ra7 Ne2 46. Bg5 Qxe5+ 47. f4 Qg7 48. Rb7 Qxh6 49. Bxh6 Rc8 50. Rxb4 c2 51. f5 exf5 52. Bg5 c1=Q 0-1

[Event "14th Vandoeuvre Open 2018"]
[Site "?"]
[Date "2018.01.05"]
[Round "8"]
[White "Comte, Elise"]
[Black "Schmitt, Axel"]
[Result "0-1"]
[ECO "D02"]
[WhiteElo "1722"]
[BlackElo "2323"]
[PlyCount "118"]
[EventDate "2018.??.??"]
[EventType "swiss"]
[EventCountry "FRA"]
[SourceTitle "Vandoeuvre"]
[TimeControl "5400+30"]
[WhiteClock "0:22:08"]
[BlackClock "0:00:36"]

1. d4 Nf6 2. Nf3 d5 3. Bf4 c5 4. e3 Nc6 5. c3 Qb6 6. Qb3 c4 7. Qxb6 axb6 8. Na3 Bf5 9. Nb5 Ra5 10. a4 Bc2 11. Ne5 Nxe5 12. Bxe5 e6 13. Be2 Bxa4 14. Nd6+ Bxd6 15. Bxd6 Kd7 16. Bb4 Ra6 17. f3 Rha8 18. Kd2 Bb3 19. Ba3 Ne8 20. e4 Nd6 21. exd5 exd5 22. Rab1 Nb5 23. Bb4 Ra2 24. f4 Nd6 25. Bg4+ Kc6 26. Bxd6 Kxd6 27. Rhe1 Ba4 28. Re5 Re8 29. Bf5 g6 30. Bc2 Bxc2 31. Kxc2 Rxe5 32. fxe5+ Ke7 33. Rf1 b5 34. g4 g5 35. h4 gxh4 36. Rh1 Ra6 37. Rxh4 h6 38. Rh2 Kf8 39. Kd2 Kg7 40. Ke3 Ra2 41. Rc2 Kg6 42. Kf4 Ra1 43. Re2 Ra6 44. Rh2 b4 45. Re2 b3 46. Kg3 b5 47. Kh4 Ra2 48. e6 fxe6 49. Rxe6+ Kf7 50. Re5 Rxb2 51. Rxd5 Rh2+ 52. Kg3 Rc2 53. Rxb5 Rxc3+ 54. Kf4 Rc2 55. d5 b2 56. Ke5 c3 57. d6 Rd2 58. Rb7+ Kg6 59. Rb3 c2 {[%emt 0:00:21] Kd4} 0-1

[Event "14th Vandoeuvre Open 2018"]
[Site "?"]
[Date "2018.01.06"]
[Round "9"]
[White "Steininger, Denis"]
[Black "Jl, Malglaive"]
[Result "0-1"]
[ECO "B05"]
[WhiteElo "1957"]
[BlackElo "1842"]
[PlyCount "91"]
[EventDate "2018.??.??"]
[EventType "swiss"]
[EventCountry "FRA"]
[SourceTitle "Vandoeuvre"]
[TimeControl "5400+30"]
[WhiteClock "0:26:59"]
[BlackClock "1:26:19"]

1. e4 Nf6 2. e5 Nd5 3. d4 d6 4. Nf3 Bg4 5. Be2 c6 6. h3 Bxf3 7. Bxf3 dxe5 8. dxe5 e6 9. c4 Ne7 10. Qxd8+ Kxd8 11. Bh5 Ng6 12. f4 Nd7 13. Ke2 f6 14. exf6 gxf6 15. Nc3 f5 16. Be3 Bg7 17. Rad1 Ke7 18. c5 Nf6 19. Bf3 Nd5 20. Nxd5+ cxd5 21. g3 Kd7 22. b4 Ne7 23. b5 a6 24. a4 axb5 25. axb5 Ra2+ 26. Rd2 Rha8 27. g4 R8a5 28. Rb1 Bc3 29. Rxa2 Rxa2+ 30. Kd3 Bf6 31. Bd2 Ra3+ 32. Ke2 Bd4 33. Rc1 Rb3 34. c6+ bxc6 35. bxc6+ Nxc6 36. gxf5 Bb2 37. fxe6+ Kd6 38. Rxc6+ Kxc6 39. f5 Bf6 40. Be1 Kc5 41. h4 d4 42. h5 d3+ 43. Kd1 Bg5 44. Bf2+ Kc4 45. Ke1 d2+ 46. Ke2 0-1

[Event "14th Vandoeuvre Open 2018"]
[Site "?"]
[Date "2018.01.06"]
[Round "9"]
[White "Grandmougin, Olivier"]
[Black "Obert, Julien"]
[Result "1-0"]
[ECO "C02"]
[WhiteElo "1904"]
[BlackElo "1923"]
[PlyCount "129"]
[EventDate "2018.??.??"]
[EventType "swiss"]
[EventCountry "FRA"]
[SourceTitle "Vandoeuvre"]
[TimeControl "5400+30"]
[WhiteClock "0:00:55"]
[BlackClock "0:14:10"]

1. e4 e6 2. d4 d5 3. e5 c5 4. c3 Nc6 5. Nf3 Qb6 6. a3 Bd7 7. b4 cxd4 8. cxd4 Rc8 9. Bb2 Nh6 10. Bd3 Na5 11. Bc3 Nc4 12. Nfd2 Nxd2 13. Qxd2 Bb5 14. O-O Be7 15. a4 Bxd3 16. Qxd3 O-O 17. a5 Qc6 18. a6 b6 19. Bd2 Nf5 20. g4 Nh4 21. Na3 f5 22. g5 f4 23. Rfc1 Qd7 24. Rxc8 Rxc8 25. Bxf4 Bxb4 26. Nb5 Rc4 27. Nd6 Bxd6 28. exd6 Nf5 29. Be5 Nxd6 30. g6 hxg6 31. Qxg6 Rc8 32. Ra3 Qf7 33. Qg5 Nf5 34. Rf3 b5 35. h4 Kf8 36. h5 Ke8 37. Bd6 Qf6 38. Qxf6 gxf6 39. Bc5 Kf7 40. Ra3 Ra8 41. Rb3 e5 42. dxe5 fxe5 43. Rxb5 Kg7 44. Bxa7 Kh6 45. Rb6+ Kxh5 46. Bb8 d4 47. Bxe5 Kg4 48. Bb8 Kf3 49. a7 d3 50. Kf1 Ke4 51. Ke1 Nd4 52. Rb4 Kd5 53. Kd2 Kc5 54. Rb1 Nc6 55. Rc1+ Kd5 56. Rxc6 Kxc6 57. Kxd3 Kd5 58. f4 Ke6 59. Ke4 Kf6 60. f5 Ke7 61. Ke5 Kf7 62. f6 Kf8 63. Ke6 Ke8 64. f7+ Kf8 65. Bd6+ 1-0

[Event "14th Vandoeuvre Open 2018"]
[Site "?"]
[Date "2018.01.06"]
[Round "9"]
[White "Mergen, Bat"]
[Black "Schmitt, Axel"]
[Result "1-0"]
[ECO "A46"]
[WhiteElo "1852"]
[BlackElo "2323"]
[PlyCount "74"]
[EventDate "2018.??.??"]
[EventType "swiss"]
[EventCountry "FRA"]
[SourceTitle "Vandoeuvre"]
[TimeControl "5400+30"]
[WhiteClock "0:01:22"]
[BlackClock "0:09:11"]

1. d4 Nf6 2. Nf3 e6 3. g3 c5 4. Bg2 Nc6 5. O-O Be7 6. c4 cxd4 7. Nxd4 O-O 8. Nc3 Qb6 9. e3 Rd8 10. Na4 Qc7 11. e4 Nxd4 12. Qxd4 d6 13. Nc3 Bd7 14. b3 Bc6 15. a4 a6 16. Ba3 Re8 17. Rfd1 Rad8 18. Rac1 Bf8 19. b4 b6 20. Nd5 Bxd5 21. cxd5 Qd7 22. Rc6 exd5 23. exd5 Rb8 24. Bb2 Rec8 25. b5 axb5 26. axb5 Qd8 27. Rdc1 Rxc6 28. bxc6 Qc7 29. Rb1 Be7 30. Bc1 Bd8 31. h3 h6 32. Be3 Qe7 33. Rb5 Bc7 34. Qb2 Qd8 35. Kh2 Nh7 36. Bd4 Nf6 37. Rb3 Ne8 1-0

[Event "14th Vandoeuvre Open 2018"]
[Site "?"]
[Date "2018.01.06"]
[Round "9"]
[White "Bat, Bilguun"]
[Black "Oney, Remel"]
[Result "1-0"]
[ECO "D06"]
[WhiteElo "1809"]
[BlackElo "1828"]
[PlyCount "115"]
[EventDate "2018.??.??"]
[EventType "swiss"]
[EventCountry "FRA"]
[SourceTitle "Vandoeuvre"]
[TimeControl "5400+30"]
[WhiteClock "0:02:26"]
[BlackClock "0:37:34"]

1. d4 d5 2. c4 c5 3. cxd5 Qxd5 4. Nf3 cxd4 5. Nc3 Qa5 6. Nxd4 e5 7. Nb3 Qc7 8. Bd2 Nf6 9. Rc1 Nc6 10. g3 Be6 11. Bg2 Be7 12. O-O O-O 13. Qc2 Rac8 14. Na4 Qd6 15. Nac5 Nd4 16. Qd1 Bg4 17. Nxd4 Rxc5 18. Rxc5 Qxc5 19. Nb3 Qb5 20. Re1 Rd8 21. Qc1 Rc8 22. Qd1 Qd7 23. Bc3 Qb5 24. Qd3 Qa4 25. Bxb7 Rd8 26. Qa6 Qxa6 27. Bxa6 e4 28. Bb7 Rb8 29. Bc6 Be6 30. Nd4 Bh3 31. f3 Bc5 32. e3 exf3 33. Bxf3 h6 34. a3 Re8 35. Nc2 Ng4 36. Bd4 Ne5 37. Bg2 Bxg2 38. Kxg2 Nd3 39. Bxc5 Nxc5 40. b4 Ne4 41. Kf3 Rc8 42. Nd4 Nd2+ 43. Ke2 Ne4 44. Ra1 Kh7 45. a4 Kg6 46. b5 Nc3+ 47. Kd3 Nd5 48. Nc6 a5 49. e4 Nb4+ 50. Nxb4 axb4 51. Rb1 Rc3+ 52. Kd4 Rc2 53. Rxb4 Rxh2 54. b6 Rd2+ 55. Ke3 Rd8 56. b7 Rb8 57. a5 Kg5 58. a6 1-0